 Dungeon Crawl Stone Soup version 0.31-a0-233-g139696dc86 (webtiles) character file.

Game seed: 18383504129528712791

135 qw the Shooter (level 4, 0/36 HPs)
             Began as a Minotaur Hexslinger on July 7, 2023.
             Slain by a wight
             ... wielding a +0 short sword
              (4 damage)
             ... on level 3 of the Dungeon.
             The game lasted 00:00:32 (1480 turns).

qw the Shooter (Minotaur Hexslinger)                Turns: 1480, Time: 00:00:32

Health: 0/36       AC:  8    Str: 18 (19) XL:     4   Next: 97%
Magic:  4/4        EV: 11    Int:  7 (10) God:
Gold:   98         SH:  0    Dex: 13 (14) Spells: 4/5 levels left

rFire   . . .        Y - +3 sling
rCold   . . .        (no shield)
rNeg    . . .        g - +0 ring mail
rPois   .            (helmet restricted)
rElec   .            (no cloak)
rCorr   .            (no gloves)
SInv    .            i - +2 pair of boots
Will    +....        (no amulet)
Stlth   +            f - +6 ring of strength
HPRegen 0.26/turn    c - ring of willpower
MPRegen 0.09/turn

%: no passive effects
@: no status effects
A: horns 2, retaliatory headbutt
a: no special abilities


You were on level 3 of the Dungeon.
You visited 1 branch of the dungeon, and saw 3 of its levels.

You collected 98 gold pieces.


Innate Abilities, Weirdness & Mutations

You have a pair of horns on your head.
You reflexively headbutt those who attack you in melee.


   Skills:
 + Level 2.0 Fighting
 - Level 5.3 Ranged Weapons
 - Level 1.2 Armour
 - Level 2.1 Dodging
 - Level 1.0 Spellcasting
 - Level 2.0 Hexes


You had 4 spell levels left.
You knew the following spells:

 Your Spells              Type           Power      Damage    Failure   Level
a - Slow                  Hex            12%        N/A       32%         1

Your spell library contained the following spells:

 Spells                   Type           Power      Damage    Failure   Level
 Inner Flame              Hex/Fire       1%         N/A       83%         3
 Portal Projectile        Hex/Tloc       2%         N/A       83%         3
 Cause Fear               Hex            1%         N/A       97%         4

Inventory:

Hand Weapons
 Y - a +3 sling (weapon)
Armour
 g - a +0 ring mail (worn)
 i - a +2 pair of boots (worn)
Jewellery
 c - a ring of willpower (right hand)
 f - a +6 ring of strength (left hand)
Potions
 a - a potion of cancellation {unknown}
 b - a potion of brilliance {unknown}
 d - 2 potions of curing

Dungeon Overview and Level Annotations

Branches:
Dungeon (3/15)

Altars:


Message History

You shoot a sling bullet. The sling bullet hits the wight.
The wight is moderately damaged.
You shoot a sling bullet. The sling bullet hits the wight.
The wight is moderately damaged.
You shoot a sling bullet.
The sling bullet closely misses the wight.
A wight comes into view. It is wielding a +0 short sword.
You shoot a sling bullet.
The sling bullet completely misses the wight.
The wight hits you with a +6 war axe! The orc hits you but does no damage.
You shoot a sling bullet.
The sling bullet barely misses the wight.
The wight hits you with a +6 war axe!
An orc comes into view. It is wielding a +0 falchion.
The orc barely misses you.
You shoot a sling bullet.
The sling bullet barely misses the wight.
The orc shouts!
The wight hits you but does no damage. The orc hits you with a +0 whip.
You shoot a sling bullet.
The sling bullet barely misses the wight.
The wight hits you with a +6 war axe! The orc hits you with a +0 whip.
You shoot a sling bullet. The sling bullet hits the wight.
The wight is heavily damaged.
The wight hits you but does no damage. The orc hits you but does no damage.
The wight barely misses you. x2; The orc closely misses you.
You shoot a sling bullet. The sling bullet hits the wight!
The wight is almost destroyed.
The wight hits you but does no damage. The wight completely misses you.
The orc barely misses you.
You shoot a sling bullet. The sling bullet hits the wight!
You destroy the wight!
The wight misses you. The orc hits you but does no damage.
You feel your strength returning.
You feel your dexterity returning.
Your life force feels restored.
Your Ranged Weapons skill increases to level 5!
You shoot a sling bullet.
The sling bullet barely misses the wight.
The wight hits you with a +0 short sword.
You die...

.......#.#
#........# ..
#.#........#
....#. ........#
....#.##.......#
...............#
........oo)...#
#......)@.#
#......z..#
..#.........#
..#.........#
............#
............#
............#
............#
............#


You could see a wight and 2 orcs.

Vanquished Creatures
  A wight (D:3)
  4 adders (D:2)
  A dart slug (D:2)
  4 orcs (D:3)
  5 ball pythons
  2 endoplasms
  3 giant cockroaches
  3 goblins
  2 jackals (D:1)
  3 kobolds
  6 bats
  2 frilled lizards
  5 rats
41 creatures vanquished.

Notes
Turn   | Place    | Note
-------+----------+-------------------------------------------
     0 | D:1      | qw the Minotaur Hexslinger began the quest for the Orb.
     0 | D:1      | Reached XP level 1. HP: 16/16 MP: 1/1
     0 | D:1      | 0 ||| qw: Version: 0.3-a-46-gb1f654a
     0 | D:1      | 0 ||| qw: Game counter: 3125
     0 | D:1      | 0 ||| qw: Melee chars always use a shield: true
     0 | D:1      | 0 ||| qw: God list: Okawaru
     0 | D:1      | 0 ||| qw: Allow faded altars: false
     0 | D:1      | 0 ||| qw: Do Orc after clearing Dungeon:15 true
     0 | D:1      | 0 ||| qw: Do second Lair branch before Depths: true
     0 | D:1      | 0 ||| qw: Lair rune preference: random
     0 | D:1      | 0 ||| qw: Goals: Normal
     0 | D:1      | 0 ||| PLANNING D:1-11
   105 | D:1      | Reached skill level 3 in Ranged Weapons
   105 | D:1      | 105 ||| FLEEEEING.
   106 | D:1      | 106 ||| FLEEEEING.
   107 | D:1      | 107 ||| FLEEEEING.
   108 | D:1      | 108 ||| FLEEEEING.
   109 | D:1      | 109 ||| FLEEEEING.
   110 | D:1      | 110 ||| FLEEEEING.
   113 | D:1      | Reached XP level 2. HP: 22/23 MP: 2/2
   398 | D:1      | You fall into a shaft and drop 1 floor!
   399 | D:2      | 399 ||| UPGRADING to +0 ring mail.
   409 | D:2      | 409 ||| DROPPING +0 robe.
   410 | D:2      | 410 ||| UPGRADING to +2 pair of boots.
   415 | D:2      | 415 ||| UPGRADING to +6 ring of strength.
   416 | D:2      | 416 ||| READING scroll labelled DIDOLA GAC USK.
   417 | D:2      | 417 ||| READING scroll labelled DIODIRPH NIHOE.
   418 | D:2      | 418 ||| READING scroll labelled LEG MOISKEXOR.
   419 | D:2      | 419 ||| READING scroll labelled TELIAS SESUA.
   420 | D:2      | 420 ||| READING scroll labelled EZOQ IRIYSAHE.
   421 | D:2      | 421 ||| DRINKING 2 fizzy clear potions.
   422 | D:2      | 422 ||| DRINKING 2 fuming ruby potions.
   423 | D:2      | 423 ||| DROPPING scroll of poison.
   424 | D:2      | 424 ||| DROPPING potion of attraction.
   499 | D:1      | 499 ||| READING scroll of enchant weapon.
   499 | D:1      | 499 ||| ENCHANTING +2 sling.
   752 | D:2      | Reached XP level 3. HP: 29/29 MP: 3/3
   752 | D:2      | Found a faded altar of an unknown god.
   756 | D:2      | 756 ||| Stepping ~*~*~tactically~*~*~ (water).
   801 | D:2      | Reached skill level 4 in Ranged Weapons
  1092 | D:2      | Reached skill level 1 in Armour
  1179 | D:2      | Reached XP level 4. HP: 36/36 MP: 4/4
  1357 | D:2      | 1357 ||| UPGRADING to ring of willpower.
  1358 | D:2      | 1358 ||| DRINKING 2 white potions.
  1359 | D:2      | 1359 ||| DROPPING potion of degeneration.
  1476 | D:3      | HP: 7/34 [wight/+6 war axe (8)]
  1476 | D:3      | HP: 3/34 [orc/+0 whip (4)]
  1480 | D:3      | Reached skill level 5 in Ranged Weapons
  1480 | D:3      | Slain by a wight

Levels and vault maps discovered:
D:1:      heliophobic_arrival_glass_houses, layout_basic, minmay_tromino_v4_a
D:2:      layout_loops_ring, chequers_ecumenical_altar_island
D:3:      minmay_inner_zag, layout_basic, mainiacjoe_overflow_tiny_flanked,
          gammafunk_ghost_necromancy, kennysheep_generic_room_13, uniq_terence

Skill      XL: |  1  2  3  4 |
---------------+-------------+-----
Ranged Weapons | 3 4 5 |  5.3
Fighting       | 2 |  2.0
Armour         | 1 |  1.2
Dodging        | |  2.1
Spellcasting   | |  1.0
Hexes          | |  2.0

Action                     |  1- 3 |  4- 6 || total
---------------------------+-------+-------++-------
   Fire: Sling             |    75 |    37 ||   112
    Use: Scroll            |     6 |       ||     6
         Potion            |     2 |     1 ||     3
 Armour: Robe              |     1 |       ||     1
         Ring mail         |    13 |    10 ||    23
  Dodge: Dodged            |    15 |    10 ||    25

Table legend:
 A = Non-vault XP
 B = Vault XP
 C = Vault XP percentage of total XP
 D = Non-vault monster count
 E = Vault monster count
 F = Vault count percentage of total count
                 A         B        C        D         E       F
            +---------+---------+-------+---------+---------+-------
      Total |     189 |       5 |   2.6 |      38 |       3 |   7.3
            +---------+---------+-------+---------+---------+-------
        D:1 |      23 |       5 |  17.9 |      15 |       3 |  16.7
        D:2 |      70 |       0 |   0.0 |      15 |       0 |   0.0
        D:3 |      96 |       0 |   0.0 |       8 |       0 |   0.0
            +---------+---------+-------+---------+---------+-------
